 Dungeon Crawl Stone Soup version 0.28-a0-422-gd71735cc25 (webtiles) character file.

Game seed: 7846517162547408251

12520 freelancePsychic the Destroyer (level 12, -7/69 HPs)
             Began as a Kobold Brigand on Sept 8, 2021.
             Was an Initiate of Gozag.
             Mangled by a manticore (8 damage)
             ... on level 11 of the Dungeon.
             The game lasted 00:35:17 (17967 turns).

freelancePsychic the Destroyer (Kobold Brigand)    Turns: 17967, Time: 00:35:18

Health: -7/69      AC:  8    Str:  9    XL:     12   Next: 21%
Magic:  5/21       EV: 14    Int: 16    God:    Gozag
Gold:   526        SH:  6    Dex: 17    Spells: 12/23 levels left

rFire   . . .      SeeInvis .   g - +5 dagger (speed)
rCold   + . .      Faith    .   p - +0 buckler
rNeg    . . .      Spirit   .   s - +1 robe {Will+}
rPois   .          Reflect  .   (no helmet)
rElec   .          Harm     .   c - +0 cloak
rCorr   .          Rampage  .   l - +0 pair of gloves
Will    +....                   z - +0 pair of boots
Stlth   +++++.....              (no amulet)
HPRegen 0.21/turn               f - ring of protection from cold
MPRegen 0.17/turn               (no ring)

@: gold aura, freezing walls
A: small, no large weapons, nightstalker 3, fangs 1, iridescent scales 1,
screaming 1
a: Renounce Religion, Potion Petition, Call Merchant, Bribe Branch


You were on level 11 of the Dungeon.
You worshipped Gozag.
Gozag was pleased with you.
You visited 2 branches of the dungeon, and saw 12 of its levels.

You collected 2142 gold pieces.
You paid 1616 gold pieces to Gozag.

Inventory:

Hand Weapons
 g - a +5 dagger of speed (weapon)
 o - a +1 scimitar of flaming
Missiles
 d - 62 poisoned darts
 e - 5 curare-tipped darts
 i - 3 datura-tipped darts
 t - 13 throwing nets
Armour
 b - a +0 robe
 c - a +0 cloak (worn)
 l - a +0 pair of gloves (worn)
 p - a +0 buckler (worn)
 s - a +1 robe of willpower (worn)
 u - a +0 kite shield of poison resistance
 y - a scarf of shadows
 z - a +0 pair of boots (worn)
Jewellery
 f - a ring of protection from cold (left hand)
Wands
 h - a wand of polymorph (22)
 k - a wand of paralysis (9)
 E - a wand of flame (27)
Scrolls
 j - 4 scrolls of magic mapping
 m - 2 scrolls of amnesia
 n - a scroll of fog
 q - a scroll of vulnerability
 w - 3 scrolls of identify {@r1}
 x - a scroll of silence
 D - a scroll of teleportation {@r4}
Potions
 a - 3 potions of degeneration
 r - 2 potions of might
 v - 2 potions of resistance
 A - a potion of flight
 B - a potion of invisibility
 C - a potion of brilliance
 F - a potion of lignification


   Skills:
 - Level 5.7 Fighting
 - Level 5.0 Short Blades
 - Level 2.1 Throwing
 - Level 1.2 Dodging
 - Level 7.0 Stealth
 + Level 5.3 Shields
 - Level 6.0 Spellcasting
 - Level 10.3 Conjurations
 - Level 4.1 Ice Magic
 - Level 9.5 Air Magic
 - Level 3.2 Earth Magic


You had 12 spell levels left.
You knew the following spells:

 Your Spells              Type           Power      Damage    Failure   Level
a - Stone Arrow           Conj/Erth      52%        3d10      2%          3
b - Lightning Bolt        Conj/Air       18%        1d32      6%          5
c - Frozen Ramparts       Ice            34%        1d5       8%          3

Your spell library contained the following spells:

 Spells                   Type           Power      Damage    Failure   Level
 Freeze                   Ice            68%        1d8       2%          1
 Sandblast                Erth           30%        2d9       3%          1
 Corpse Rot               Necr/Air       N/A        N/A       3%          2
 Poisonous Vapours        Pois/Air       40%        N/A       3%          2
 Hailstorm                Conj/Ice       27%        3d7       7%          4
 Passwall                 Tmut/Erth      8%         N/A       11%         2
 Chain Lightning          Conj/Air       18%        3d24      100%        9


Dungeon Overview and Level Annotations

Branches:
Dungeon (11/15)            Temple (0/1) D:5            Lair (1/6) D:10
    Orc (0/2) D:10

Altars:
Cheibriados
Gozag
Kikubaaqudgha
Makhleb
Trog
Uskayaw
Vehumet
Wu Jian
Yredelemnul
Zin

Shops:
D:10 *

Annotations:
D:6 3 runed translucent doors, Maggie
D:8 Psyche
D:11 exclusion: centaur warrior
Lair:1 Sonja


Innate Abilities, Weirdness & Mutations

You are small and have problems with some larger weapons.
You are completely attuned to the shadows.
You have very sharp teeth.
You are partially covered in iridescent scales. (AC +2)
You occasionally shout uncontrollably at your foes.


Message History

The wall freezes the manticore.
The manticore bites you!! The manticore barely misses you.
The manticore misses you.
Casting: Frozen Ramparts (dangerous; 8% risk of failure)
Confirm with . or Enter, or press ? or * to list all spells.
Aiming: Stone Arrow (dangerous; 2% risk of failure)
Press: ? - help, Shift-Dir - straight line, f - manticore
Aim: a manticore (lightly wounded, 83% to hit)
The stone arrow hits the manticore!
The manticore is moderately wounded.
The wall freezes something but does no damage.
The shadow strikes at you from the darkness!
The wall freezes the manticore.
The manticore bites you! You block the manticore's attack.
The manticore claws you but does no damage.
Casting: Stone Arrow (dangerous; 2% risk of failure)
Confirm with . or Enter, or press ? or * to list all spells.
Aiming: Stone Arrow (dangerous; 2% risk of failure)
Press: ? - help, Shift-Dir - straight line, f/p - manticore
Aim: a manticore (moderately wounded, 83% to hit)
The stone arrow hits the manticore!!
The manticore is severely wounded.
The wall freezes something but does no damage.
The wall freezes the manticore.
The manticore closely misses you. The manticore claws you.
* * * LOW HITPOINT WARNING * * *
The manticore claws you but does no damage.
Casting: Stone Arrow (dangerous; 2% risk of failure)
Confirm with . or Enter, or press ? or * to list all spells.
Aiming: Stone Arrow (dangerous; 2% risk of failure)
Press: ? - help, Shift-Dir - straight line, f/p - manticore
Aim: a manticore (severely wounded, 83% to hit)
The stone arrow hits the manticore!
The manticore is almost dead.
The wall freezes something but does no damage.
The shadow strikes at you from the darkness!
* * * LOW HITPOINT WARNING * * *
Reactivating autopickup.
The wall freezes the manticore.
The manticore bites you!
You die...
Your body crumbles into a pile of gold.

#.....#####..#..#.#....#..#
......#......#....#....#..#
#...#....###...####...##.##
#.#....#.###..##...####..#
..#..#........#....#....##
.......#.###..#...)#.#.##
#............)....##...#
..>............$###.(###
.#...#.........W@...##
.#...........####H.####
#...##.###...# #.....#
#.####.# ##..# #.#.#.###
.......####..## #.#.....#
...###........# #.#.....#
.### #.......$# #.#.....#
.## #........###.##....#
..## #^.......##......###


You could see a manticore and a shadow.

Vanquished Creatures
  Erica (D:8)
  Pikel (D:7)
  2 cyclopes
  2 kobold demonologists (D:10)
  2 komodo dragons
  An unseen horror (D:10)
  An efreet (D:11)
  2 trolls
  A hornet (D:11)
  Sigmund (D:4)
  A shadow (D:11)
  A vampire (D:11)
  2 yaks (D:10)
  A wyvern (D:8)
  2 wraiths
  A vampire mosquito (D:11)
  Edmund (D:4)
  An acid dragon (D:11)
  5 water moccasins
  3 orc warriors
  2 black bears
  A sky beast (D:7)
  3 necrophages
  3 ogres
  A wolf (D:9)
  A centaur (D:8)
  2 phantoms
  2 lemures (D:7)
  3 gnoll sergeants
  4 kobold brigands
  5 bullfrogs
  2 wyvern zombies
  4 scorpions
  5 killer bees (D:8)
  11 wights
  8 howler monkeys
  7 centaur zombies
  A jelly (D:5)
  8 hounds
  4 orc priests
  2 gnoll shamans
  A human zombie (D:10)
  A bullfrog skeleton (D:5)
  Ijyb (D:3)
  5 iguanas
  9 orc wizards
  2 mummies (D:10)
  2 howler monkey zombies
  32 gnolls
  3 adders
  A white imp (D:7)
  An ufetubus (D:4)
  An adder skeleton (D:4)
  2 worms
  A dart slug (D:1)
  24 orcs
  8 bats
  8 endoplasms
  5 giant cockroaches
  4 goblins
  8 hobgoblins
  12 jackals
  11 kobolds
  5 quokkas
  6 ball pythons
  3 frilled lizards (D:2)
  12 rats
279 creatures vanquished.

Vanquished Creatures (others)
  48 fungi
  46 plants
94 creatures vanquished.

Grand Total: 373 creatures vanquished

Notes
Turn   | Place    | Note
-------+----------+-------------------------------------------
     0 | D:1      | freelancePsychic the Kobold Brigand began the quest for the
                  | Orb.
     0 | D:1      | Reached XP level 1. HP: 12/12 MP: 1/1
    68 | D:1      | Reached XP level 2. HP: 17/17 MP: 2/2
   571 | D:1      | Reached XP level 3. HP: 19/21 MP: 3/3
   802 | D:2      | Found an opulent altar of Gozag.
   808 | D:2      | Became a worshipper of Gozag Ym Sagoz the Greedy
  1105 | D:2      | Got the Catalogue of Confrontation and Earth
  1310 | D:2      | Reached XP level 4. HP: 11/26 MP: 4/4
  1959 | D:3      | Found a burning altar of Makhleb.
  1973 | D:4      | Reached skill level 1 in Conjurations
  2077 | D:4      | Noticed a scorpion
  2081 | D:4      | Killed a scorpion
  2082 | D:4      | Reached skill level 2 in Conjurations
  2082 | D:4      | Reached XP level 5. HP: 30/30 MP: 5/5
  2155 | D:4      | Noticed Sigmund
  2157 | D:4      | Killed Sigmund
  2158 | D:4      | Reached skill level 1 in Spellcasting
  2158 | D:4      | Reached skill level 3 in Conjurations
  2158 | D:4      | Reached skill level 1 in Earth Magic
  2158 | D:4      | Reached XP level 6. HP: 35/35 MP: 5/8
  2192 | D:4      | Noticed Edmund
  2195 | D:4      | Killed Edmund
  2196 | D:4      | Reached XP level 7. HP: 40/40 MP: 8/10
  2497 | D:4      | Gained mutation: You have very sharp teeth. [potion of
                  | mutation]
  2497 | D:4      | Gained mutation: You occasionally shout uncontrollably at
                  | your foes. [potion of mutation]
  2497 | D:4      | Gained mutation: You are partially covered in iridescent
                  | scales. (AC +2) [potion of mutation]
  2497 | D:4      | Found a bloodstained altar of Trog.
  2506 | D:4      | Reached skill level 4 in Conjurations
  3800 | D:3      | Learned a level 3 spell: Stone Arrow
  3839 | D:3      | Noticed Ijyb
  3879 | D:3      | Killed Ijyb
  4403 | D:5      | Entered Level 5 of the Dungeon
  4412 | D:5      | Reached skill level 1 in Air Magic
  4510 | D:5      | Reached XP level 8. HP: 44/44 MP: 8/12
  4543 | D:5      | Reached skill level 5 in Conjurations
  4766 | D:5      | Found a radiant altar of Vehumet.
  5389 | D:5      | Found a staircase to the Ecumenical Temple.
  5427 | D:5      | Reached skill level 6 in Conjurations
  5699 | D:6      | Reached XP level 9. HP: 14/48 MP: 6/13
  6018 | D:7      | Reached skill level 5 in Air Magic
  6080 | D:6      | Reached skill level 7 in Conjurations
  6374 | D:6      | Found a runed translucent gate.
  6375 | D:6      | Found a runed translucent gate.
  6376 | D:6      | Found a runed translucent gate.
  6505 | D:6      | Noticed Maggie
  8116 | D:7      | Reached skill level 8 in Conjurations
  8123 | D:7      | Noticed Pikel
  8146 | D:7      | Killed Pikel
  8147 | D:7      | Reached skill level 5 in Fighting
  8147 | D:7      | Reached XP level 10. HP: 59/59 MP: 8/14
  8559 | D:7      | HP: 2/59 [orc warrior (4)]
  9320 | D:8      | Found a glowing silver altar of Zin.
  9940 | D:8      | Reached skill level 9 in Conjurations
 10332 | D:8      | Noticed Psyche
 10335 | D:8      | Reached skill level 5 in Short Blades
 10655 | D:8      | Noticed Erica
 10896 | D:8      | Paralysed by Erica for 5 turns
 10907 | D:8      | Killed Erica
 11173 | D:8      | Found an ornate altar of the Wu Jian Council.
 11312 | D:8      | Learned a level 5 spell: Lightning Bolt
 11312 | D:8      | Upgraded the game from 0.28-a0-413-gde365fb1df to
                  | 0.28-a0-422-gd71735cc25
 11376 | D:9      | Found a hide-covered altar of Uskayaw.
 11778 | D:9      | Noticed a cyclops
 11784 | D:9      | Killed a cyclops
 11785 | D:9      | Reached XP level 11. HP: 64/64 MP: 0/17
 12163 | D:9      | Identified a scroll of acquirement
 12164 | D:9      | Acquired a +0 kite shield of poison resistance
 12799 | D:9      | Identified the +1 leather armour of Ru's Condemnation
                  | {Str+2}
 13009 | D:10     | Entered Level 10 of the Dungeon
 13009 | D:10     | Found Riameo's Overcharged Wands.
 13455 | D:10     | Reached skill level 10 in Conjurations
 14022 | D:10     | Reached skill level 1 in Ice Magic
 14120 | D:10     | Reached skill level 1 in Shields
 14235 | D:10     | Found a staircase to the Lair.
 14260 | D:10     | Found a basalt altar of Yredelemnul.
 14323 | D:10     | Found a staircase to the Orcish Mines.
 14361 | D:10     | Found an opulent altar of Gozag.
 14521 | D:10     | Found a snail-covered altar of Cheibriados.
 14919 | D:10     | Found an ancient bone altar of Kikubaaqudgha.
 15457 | D:10     | Learned a level 3 spell: Frozen Ramparts
 15523 | D:9      | Noticed a two-headed ogre
 15752 | Lair:1   | Entered Level 1 of the Lair of Beasts
 15767 | Lair:1   | Noticed a four-headed hydra
 15900 | Lair:1   | Noticed Sonja
 16663 | D:10     | Reached skill level 5 in Spellcasting
 16857 | D:11     | Reached XP level 12. HP: 67/69 MP: 6/19
 17006 | D:11     | Paralysed by a hornet for 2 turns
 17426 | D:11     | Noticed a centaur warrior
 17632 | D:11     | Reached skill level 5 in Shields
 17967 | D:11     | HP: 1/69 [something (19)]
 17967 | D:11     | Mangled by a manticore

Illustrated notes

Levels and vault maps discovered:
D:1:      minmay_arrival_checkered_box, layout_basic
D:2:      layout_basic, basic_altar, minmay_door_square, hex_large,
          eino_curves_01, minivault_23, minmay_misc_feat_pillars,
          minmay_hexomino_c4
D:3:      layout_basic, mainiacjoe_overflow_tiny_flanked, uniq_ijyb
D:4:      layout_gridville, mainiacjoe_overflow_brackets, minivault_25,
          kennysheep_nondescript, sigmund_edmund_badplayer
D:5:      layout_rooms, lemuel_crystal_altar, minmay_temple_entry_waves,
          kennysheep_potato
D:6:      layout_gridville, fedhas_altar_fruit_tree, gammafunk_ghost_cemetery,
          uniq_maggie
D:7:      layout_basic, uniq_pikel
D:8:      layout_cave_pods, nicolae_wu_jian_immortal_techniques,
          zin_scriptorium, minmay_misc_feat_four_crosses, uniq_erica,
          uniq_psyche
D:9:      layout_cave_pools, mainiacjoe_overflow_alcove_1, serial_gnoll_camp,
          gnoll_camp_medium_02, gnoll_camp_mini_hut, gnoll_camp_mini_loothouse,
          gnoll_camp_huts_moat, minmay_holes, minmay_misc_feat_ornament,
          uniq_erolcha
D:10:     layout_loops_ring, yredelemnul_altar_generic,
          lemuel_mausoleum_altar_kikubaaqudgha, mainiacjoe_overflow_two_lobes,
          due_lair_maze_entry_diamond, orc_0_dummy, minivault_24,
          nicolae_shop_overcharged_wands
D:11:     layout_rooms, minmay_bent
Lair:1:   layout_chaotic_city, grunt_megastairs_3, uniq_sonja

Skill      XL: |  1  2  3  4  5  6  7  8  9 10 11 12 |
---------------+-------------------------------------+-----
Short Blades   | 3 5 |  5.0
Stealth        | 6 7 |  7.0
Conjurations   | 2 3 4 6 8 9 10 | 10.3
Spellcasting   | 1 2 3 4 5 6 |  6.0
Earth Magic    | 1 2 3 |  3.2
Air Magic      | 1 4 6 8 9 |  9.5
Fighting       | 5 |  5.7
Ice Magic      | 4 |  4.1
Shields        | 4 5 |  5.3
Throwing       | |  2.1
Dodging        | |  1.2

Action                   |  1- 3 |  4- 6 |  7- 9 | 10-12 || total
-------------------------+-------+-------+-------+-------++-------
Melee: Dagger            |    75 |    59 |   384 |   365 ||   883
       Bite              |       |       |    44 |    33 ||    77
       Unarmed           |       |       |     3 |       ||     3
Throw: Dart              |       |       |     7 |    13 ||    20
 Cast: Stone Arrow       |       |       |    62 |   187 ||   249
       Lightning Bolt    |       |       |       |    17 ||    17
       Frozen Ramparts   |       |       |       |    13 ||    13
Invok: Potion Petition   |       |       |     1 |     3 ||     4
  Use: Scroll            |     2 |     4 |     5 |    13 ||    24
       Potion            |       |       |     5 |     7 ||    12
 Stab: Sleeping          |    21 |     7 |    29 |    10 ||    67
       Distracted        |     1 |       |     1 |     1 ||     3
Armor: Robe              |     9 |    10 |    62 |   106 ||   187
       Skin              |       |       |     4 |       ||     4
Dodge: Dodged            |    19 |    29 |   171 |   269 ||   488
Block: Buckler           |       |       |       |    10 ||    10

Table legend: (Time is in decaauts)
 A = Elapsed time spent in this place.
 B = Non-inter-level travel time spent in this place.
 C = Inter-level travel time spent in this place.
 D = Time resting spent in this place.
 E = Time spent auto-exploring this place.
 F = Levels seen in this place.
 G = Mean time per level.
                   A        B        C        D        E       F      G
               +--------+--------+--------+--------+--------+-----+--------+
         Total |  17555 |  17156 |    399 |   2317 |  12230 |  12 | 1462.9 |
       Dungeon |  17449 |  17051 |    398 |   2317 |  12216 |  11 | 1586.3 |
          Lair |    106 |    106 |      0 |      0 |     14 |   1 |  106.0 |
               +--------+--------+--------+--------+--------+-----+--------+

Top non-repeatable levels by time:
    D:10: 3388 daAuts
     D:7: 2503 daAuts
     D:9: 1702 daAuts
     D:8: 1677 daAuts
     D:6: 1434 daAuts
    D:11: 1320 daAuts
     D:4: 1279 daAuts
     D:3: 1215 daAuts
     D:5: 1147 daAuts
     D:2: 1059 daAuts
     D:1: 719 daAuts
  Lair:1: 106 daAuts
